 Dungeon Crawl Stone Soup version 0.31-a0-325-g067879e3d3 (webtiles) character file.

Game seed: 2231141741423203179

7051 BrainTurd the Grappler (level 10, -8/42 HPs)
             Began as a Demonspawn Shapeshifter on July 19, 2023.
             Was a Believer of Trog.
             Mangled by a two-headed ogre
             ... wielding a +0 giant spiked club
              (12 damage)
             ... on level 10 of the Dungeon.
             The game lasted 00:37:00 (8293 turns).

BrainTurd the Grappler (Demonspawn Shapeshifter)    Turns: 8293, Time: 00:37:02

Health: -8/42      AC: 20    Str: 19      XL:     10   Next: 83%
Magic:  10/10      EV: 12    Int:  9 (10) God:    Trog [**....]
Gold:   587        SH:  0    Dex: 14      Spells: 9/9 levels left

rFire   . .          .
                       - Unarmed
rCold   + . .        (no shield)
rNeg    + . .        u - melded +2 ring mail {rC+}
rPois   ∞            (no helmet)
rElec   +            (no cloak)
rCorr   .            (gloves currently unavailable)
SInv    .            e - melded +2 pair of boots
Will    .....        o - amulet of regeneration
Stlth   +            j - ring of flight
HPRegen 1.07/turn    p - ring of protection from cold
MPRegen 0.12/turn

%: no passive effects
@: lethally poisoned (-8 -> -8), statue-form, flying, very slow
A: slow and powerful, torment resistance 1, reduced hp, (icy blue scales 1),
demonic guardian 2
a: Begin Untransformation, Renounce Religion, Berserk, Trog's Hand


You were on level 10 of the Dungeon.
You worshipped Trog.
Trog was pleased with you.
You were a living statue of rough stone.
You visited 2 branches of the dungeon, and saw 11 of its levels.

You collected 587 gold pieces.

Inventory:

Armour
 e - a +2 pair of boots (melded)
 u - a +2 ring mail of cold resistance (melded)
Magical Staves
 i - a staff of death
Jewellery
 j - a ring of flight (left fist)
 o - an amulet of regeneration (around neck)
 p - a ring of protection from cold (right fist)
 q - a ring of magical power
Talismans
 c - a beast talisman
 t - a granite talisman
 B - a talisman of death
Wands
 r - a wand of iceblast (8)
 w - a wand of charming (13)
Scrolls
 f - a scroll of amnesia
 g - 3 scrolls of teleportation
 k - 4 scrolls of identify
 m - a scroll of vulnerability {unknown}
 s - 2 scrolls of revelation
 x - a scroll of poison
 y - a scroll of enchant armour {unknown}
 z - a scroll of noise {unknown}
Potions
 a - 3 potions of curing {unknown}
 b - 3 potions of lignification
 d - 2 potions of degeneration {unknown}
 h - 2 potions of might {unknown}
 l - a potion of heal wounds {unknown}
 n - 2 potions of mutation {unknown}
 v - a potion of brilliance {unknown}
 A - a potion of enlightenment {unknown}


   Skills:
 - Level 2.0 Fighting
 - Level 1.7 Dodging
 + Level 10.7 Unarmed Combat
 * Level 9.9 Shapeshifting


You had 9 spell levels left.
You didn't know any spells.
Your spell library contained the following spells:

 Spells                   Type           Power      Damage    Failure   Level
 Apportation              Tloc           0%         N/A       38%         1
 Freeze                   Ice            0%         1d3       38%         1
 Necrotise                Necr           0%         1d4       38%         1
 Summon Small Mammal      Summ           0%         N/A       38%         1
 Dazzling Flash           Conj/Hex       0%         N/A       77%         3
 Frozen Ramparts          Ice            0%         1d1       77%         3
 Hailstorm                Conj/Ice       0%         3d3       77%         3
 Inner Flame              Hex/Fire       0%         N/A       77%         3
 Flame Wave               Conj/Fire      0%         2d4       99%         4
 Sticky Flame             Conj/Fire      0%         2d3       99%         4
 Agony                    Necr           0%         N/A       100%        5
 Alistair's Intoxication  Tmut/Pois      0%         N/A       100%        5
 Silence                  Hex/Air        0%         N/A       100%        5


Dungeon Overview and Level Annotations

Branches:
Dungeon (10/15)            Temple (1/1) D:7
   Lair: D:8-11         Orc: D:9-12

Altars:
Ashenzari
Cheibriados
Dithmenos
Fedhas
Gozag
Hepliaklqana
Makhleb
Nemelex Xobeh
Okawaru
Qazlal
Ru
Sif Muna
Trog
Uskayaw
Vehumet
Wu Jian
Xom
Yredelemnul

Annotations:
D:5 1 runed translucent door, HallandMoats's ghost, novice DsMo


Innate Abilities, Weirdness & Mutations

You are a living statue of rough stone.
Your actions are slow, but your melee attacks are powerful.
You are resistant to unholy torment.
Your maximum health is decreased, since you lack skill for your form.
Your equipment is partially melded.
You are immune to poison.
((You are partially covered in icy blue scales. (AC +2)))
A demonic guardian rushes to your aid.


Message History

You pummel something!! Trog accepts your kill.
Trog appreciates your killing of a magic user.
Reactivating autopickup.
You feel a bit more experienced.
There is a stone staircase leading up here.
You fly upwards.
Your summoned ally is left behind.
There is a stone staircase leading down here.
Things that are here:
a +0 chain mail; a +0 falchion
Items here: )) [[.
Things that are here:
a +0 leather armour; a +0 falchion
There is a stone staircase leading down here.
You fly downwards.
There is a stone staircase leading up here.
You reach down and open the door.
There is an open door here.
The komodo dragon hisses angrily.
The hornet buzzes angrily.
Found 5 stones.
Found 4 stones.
You now have 569 gold pieces (gained 9).
You now have 587 gold pieces (gained 18).
Found a robe.
Found a stone staircase leading down.
A two-headed ogre comes into view.
It is wielding a +0 giant spiked club and a +0 giant club.
The two-headed ogre shouts in stereo!
A troll comes into view.
You barely miss the two-headed ogre.
The troll shouts!
The two-headed ogre hits you with a +0 giant spiked club!!
The two-headed ogre barely misses you.
You barely miss the two-headed ogre.
The two-headed ogre hits you with a +0 giant spiked club!!
Ouch! That really hurt!
* * * LOW HITPOINT WARNING * * *
A demonic guardian appears!
The two-headed ogre barely misses you.
The two-headed ogre attacks as you move away!
The two-headed ogre hits you with a +0 giant spiked club!
You die...

#........
##..$....# ..#.
.........# #...
.........# #..#
.........# +.# #..
.......T.# #.# #..
.........# #.# #..
.......4O+ #.# #..
........8#####.#
#..
##.............###
#..
#####...........#
##. #...........#
#. ####.#####..#
#. #.# #..# #. #.#
#..##+####. #.#
#.......... ..#
###..........


You could see a two-headed ogre (ally target), a troll and a friendly rust devil
(summoned).

Vanquished Creatures
  Pikel (D:7)
  Psyche (D:8)
  A troll (D:9)
  Grinder (D:6)
  3 yaks (D:9)
  An acid dragon (D:9)
  3 water moccasins
  An orc warrior (D:9)
  2 ice beasts
  2 black bears
  A sky beast (D:7)
  An ogre (D:4)
  3 centaurs
  2 bullfrogs
  2 gnoll sergeants
  4 scorpions
  9 wights (D:8)
  2 killer bees (D:9)
  Dowan (D:4)
  A howler monkey (D:5)
  6 hounds
  A gnoll bouda (D:6)
  4 orc priests
  3 jellies
  4 iguanas
  A sleepcap (D:6)
  13 orc wizards
  11 gnolls
  10 adders
  A shadow imp (D:6)
  2 white imps (D:6)
  An ufetubus (D:7)
  2 worms
  4 dart slugs
  41 orcs
  6 ball pythons
  7 bats
  2 endoplasms
  3 giant cockroaches
  8 goblins
  5 hobgoblins
  4 jackals
  3 kobolds
  5 quokkas
  3 frilled lizards
  7 rats
199 creatures vanquished.

Vanquished Creatures (collateral kills)
  5 yaks (D:9)
  2 steam dragons
  Duvessa (D:4)
  A water moccasin (D:7)
  An orc warrior (D:9)
  An ice beast (D:6)
  An ogre (D:4)
  4 killer bees (D:9)
  2 orc priests (D:5)
  5 orc wizards
  4 gnolls
  8 orcs
  A hobgoblin (D:1)
  A quokka (D:1)
  A ball python (D:2)
38 creatures vanquished.

Vanquished Creatures (others)
  A scorpion (D:6)
  An orc (D:8)
2 creatures vanquished.

Grand Total: 239 creatures vanquished

Notes
Turn   | Place    | Note
-------+----------+-------------------------------------------
     0 | D:1      | BrainTurd the Demonspawn Shapeshifter began the quest for
                  | the Orb.
     0 | D:1      | Reached XP level 1. HP: 16/16 MP: 1/1
    71 | D:1      | Reached skill level 2 in Unarmed Combat
   155 | D:1      | Gained mutation: A weak demonic guardian rushes to your
                  | aid. [demonic ancestry]
   155 | D:1      | Reached XP level 2. HP: 19/22 MP: 2/2
   822 | D:1      | Gained mutation: A demonic guardian rushes to your aid.
                  | [demonic ancestry]
   822 | D:1      | Reached XP level 3. HP: 27/27 MP: 3/3
  1260 | D:2      | Found a faded altar of an unknown god.
  1273 | D:2      | Prayed at the altar of an unknown god.
  1273 | D:2      | Became a worshipper of Sif Muna the Loreminder
  1273 | D:2      | Reached * piety under Sif Muna
  1353 | D:2      | Reached skill level 3 in Unarmed Combat
  1366 | D:2      | Gained mutation: You are partially covered in icy blue
                  | scales. (AC +2) [demonic ancestry]
  1366 | D:2      | Reached XP level 4. HP: 3/33 MP: 4/4
  2469 | D:3      | Reached XP level 5. HP: 38/38 MP: 5/5
  2537 | D:3      | Reached ** piety under Sif Muna
  2593 | D:3      | Found an opulent altar of Gozag.
  2835 | D:4      | HP: 1/38 [orc/+0 club (4)]
  2837 | D:4      | Reached skill level 4 in Unarmed Combat
  2878 | D:4      | Reached XP level 6. HP: 30/44 MP: 6/6
  3148 | D:4      | Reached skill level 5 in Unarmed Combat
  3198 | D:4      | Found an ornate altar of the Wu Jian Council.
  3288 | D:4      | Noticed Duvessa
  3288 | D:4      | Noticed Dowan
  3304 | D:4      | Killed Duvessa
  3305 | D:4      | Reached skill level 5 in Shapeshifting
  3305 | D:4      | Reached XP level 7. HP: 27/50 MP: 7/7
  3308 | D:4      | Killed Dowan
  3547 | D:5      | Entered Level 5 of the Dungeon
  3659 | D:5      | Reached skill level 6 in Unarmed Combat
  3715 | D:5      | Found a runed translucent door.
  3715 | D:5      | Noticed HallandMoats's ghost (novice DsMo)
  3795 | D:5      | Reached XP level 8. HP: 56/56 MP: 8/8
  4198 | D:5      | Reached skill level 7 in Unarmed Combat
  4841 | D:6      | Found a hide-covered altar of Uskayaw.
  4895 | D:6      | Reached XP level 9. HP: 10/61 MP: 9/9
  4924 | D:6      | Reached *** piety under Sif Muna
  4929 | D:6      | Reached skill level 8 in Unarmed Combat
  4972 | D:6      | Noticed Grinder
  4982 | D:6      | Killed Grinder
  5929 | D:7      | Found a staircase to the Ecumenical Temple.
  5969 | Temple   | Entered the Ecumenical Temple
  5991 | Temple   | Fell from the grace of Sif Muna
  5991 | Temple   | Became a worshipper of Trog the Wrathful
  6241 | D:7      | Identified the +0 sling of Bybis {heavy, rCorr}
  6386 | D:8      | Noticed Pikel
  6396 | D:7      | Killed Pikel
  6397 | D:7      | Reached skill level 9 in Unarmed Combat
  6592 | D:8      | Noticed Psyche
  6604 | D:8      | Killed Psyche
  6605 | D:8      | Reached XP level 10. HP: 30/67 MP: 0/10
  6610 | D:8      | Reached * piety under Trog
  6744 | D:8      | Found a stormy altar of Qazlal.
  6863 | D:8      | Reached skill level 10 in Unarmed Combat
  7576 | D:9      | Reached ** piety under Trog
  8115 | D:10     | Entered Level 10 of the Dungeon
  8286 | D:10     | Noticed a two-headed ogre
  8291 | D:10     | HP: 2/42 [two-headed ogre/+0 giant spiked club (21)]
  8293 | D:10     | Mangled by a two-headed ogre

Illustrated notes

Levels and vault maps discovered:
D:1:      eino_arrival_cavern_e, layout_basic
D:2:      layout_basic, serial_glass, glass_columns_a, glass_columns_a,
          hellmonk_ecumenical_altar_pennies_from_heaven, basic_altar
D:3:      layout_rooms, mainiacjoe_overflow_small_starburst
D:4:      layout_gridville, nzn_wu_jian_council_hall, uniq_duvessa
D:5:      layout_loops_ring, gammafunk_ghost_grave
D:6:      layout_loops_ring, elyvilon_altar_5, nicolae_uskayaw_suspiria,
          hangedman_decor_peaks_small, grunt_ministairs_11, uniq_grinder
D:7:      layout_basic, minmay_temple_entry_drinking_statues,
          david_defended_altar_orc
D:8:      layout_loops_cross, lemuel_doored_altar,
          nicolae_qazlal_general_emergency, minmay_checkerbox, uniq_psyche,
          uniq_pikel
D:9:      layout_small_grid
D:10:     layout_irregular_city, mainiacjoe_overflow_tiny_flanked,
          minmay_fractal_squares_gapless_7
Temple:   regret_index_temple_waves

Skill      XL: |  1  2  3  4  5  6  7  8  9 10 |
---------------+-------------------------------+-----
Unarmed Combat | 2 3 4 5 6 7 9 10 | 10.7
Shapeshifting  | 3 4 5 7 8 9 |  9.9
Fighting       | |  2.0
Dodging        | |  1.7

Action                     |  1- 3 |  4- 6 |  7- 9 | 10-12 || total
---------------------------+-------+-------+-------+-------++-------
  Melee: Unarmed           |   126 |   184 |   267 |   126 ||   703
         Punch             |     1 |     4 |     8 |     6 ||    19
Ability: Begin Untransform |       |     1 |       |       ||     1
    Use: Scroll            |       |       |     6 |     1 ||     7
         Potion            |       |       |       |     1 ||     1
   Stab: Sleeping          |     3 |     1 |     1 |       ||     5
 Armour: Animal skin       |    22 |    24 |       |       ||    46
         Chain mail        |       |    87 |     2 |       ||    89
         Ring mail         |       |       |    40 |    25 ||    65
         Skin              |       |       |    97 |    91 ||   188
  Dodge: Dodged            |    75 |   111 |   147 |   142 ||   475
   Form: Beast             |     1 |     1 |       |     1 ||     3
                           |     1 |       |       |       ||     1
         Statue            |       |       |     1 |     1 ||     2

Table legend: (Time is in decaauts)
 A = Elapsed time spent in this place.
 B = Non-inter-level travel time spent in this place.
 C = Inter-level travel time spent in this place.
 D = Time resting spent in this place.
 E = Time spent auto-exploring this place.
 F = Levels seen in this place.
 G = Mean time per level.
                   A        B        C        D        E       F      G
               +--------+--------+--------+--------+--------+-----+--------+
         Total |  10050 |   9113 |    937 |    400 |   6603 |  11 |  913.6 |
       Dungeon |   9983 |   9074 |    909 |    400 |   6603 |  10 |  998.3 |
        Temple |     67 |     39 |     28 |      0 |      0 |   1 |   67.0 |
               +--------+--------+--------+--------+--------+-----+--------+

Top non-repeatable levels by time:
     D:6: 1297 daAuts
     D:8: 1279 daAuts
     D:9: 1265 daAuts
     D:2: 1260 daAuts
     D:5: 1179 daAuts
     D:7: 1171 daAuts
     D:1: 1056 daAuts
     D:4: 955 daAuts
     D:3: 382 daAuts
    D:10: 135 daAuts
  Temple: 67 daAuts
